 Dungeon Crawl Stone Soup version 0.31.0-10-gcf4a605ca0 (webtiles) character file.

Game seed: 12028529112610188358

121 Sweeb the Ducker (level 4, -1/36 HPs)
             Began as a Demonspawn Monk on Jan 25, 2024.
             Slain by an orc
             ... wielding a +0 spear
              (3 damage)
             ... on level 3 of the Dungeon.
             The game lasted 00:01:50 (2303 turns).

Sweeb the Ducker (Demonspawn Monk)                  Turns: 2303, Time: 00:01:50

Health: -1/36      AC:  6    Str: 11    XL:     4   Next: 77%
Magic:  4/4        EV: 13    Int: 11    God:
Gold:   132        SH:  0    Dex: 17    Spells: 3/3 levels left

rFire   . . .        a - +0 falchion
rCold   . . .        d - orb {light}
rNeg    . . .        b - +1 robe
rPois   .            (no helmet)
rElec   .            (no cloak)
rCorr   .            l - +2 pair of gloves
SInv    .            (no boots)
Will    .....        j - amulet of regeneration
Stlth   +            (no ring)
HPRegen 1.06/turn    (no ring)
MPRegen 0.09/turn

%: no passive effects
@: glowing
A: claws 1, ignite blood 1, weakness stinger 1
a: no special abilities


You were on level 3 of the Dungeon.
You visited 1 branch of the dungeon, and saw 3 of its levels.

You collected 132 gold pieces.

Inventory:

Hand Weapons
 a - a +0 falchion (weapon)
Armour
 b - a +1 robe (worn)
 d - an orb of light (worn)
 e - a +0 pair of gloves
 l - a +2 pair of gloves (worn)
Jewellery
 j - an amulet of regeneration (around neck)
 m - a ring of protection from cold
Wands
 o - a wand of polymorph (9)
Scrolls
 i - a scroll of teleportation {unknown}
 n - a scroll of enchant weapon {unknown}
Potions
 c - a potion of ambrosia
 f - a potion of brilliance {unknown}
 g - a potion of lignification
 h - 3 potions of heal wounds {unknown}
 k - a potion of curing {unknown}
 p - a potion of invisibility {unknown}


   Skills:
 + Level 3.6 Fighting
 - Level 3.5 Long Blades
 * Level 3.8 Dodging
 * Level 1.1 Unarmed Combat


You had 3 spell levels left.
You didn't know any spells.
Your spell library contained the following spells:

 Spells                   Type           Power      Damage    Failure   Level
 Apportation              Tloc           0%         N/A       34%         1
 Necrotise                Necr           0%         1d4       34%         1
 Sandblast                Erth           0%         2d4       34%         1
 Sting                    Conj/Alch      0%         1d3       34%         1
 Summon Small Mammal      Summ           0%         N/A       34%         1
 Inner Flame              Hex/Fire       0%         N/A       71%         3
 Passwall                 Erth           0%         N/A       71%         3
 Stone Arrow              Conj/Erth      0%         3d7       71%         3
 Brom's Barrelling Bould  Conj/Erth      0%         2d3       98%         4
 Irradiate                Conj/Alch      0%         3d11      100%        5
 Ignition                 Fire           0%         3d3       100%        8


Dungeon Overview and Level Annotations

Branches:
Dungeon (3/15)

Altars:
Ashenzari
Sif Muna

Shops:
D:2 (


Innate Abilities, Weirdness & Mutations

You have sharp fingernails.
Your demonic aura sometimes causes spilled blood to erupt in flames.
You have a small tail.


Message History

You hit the orc.
The orc is heavily wounded.
The orc hits you with a +0 mace. The orc hits you with a +0 spear.
The orc hits you with a +0 mace. The orc hits you with a +0 spear.
The orc closely misses you.
You are too injured to fight recklessly!
You are too injured to fight recklessly!
Unknown command.
The orc hits you but does no damage. The orc completely misses you.
The orc priest hits you with a +0 hand axe.
The orc barely misses you.
You hit the orc.
Your tail-slap misses the orc.
The orc is heavily wounded.
The orc closely misses you. The orc priest misses you.
The orc hits you but does no damage.
You slash the orc!
You kill the orc!
The orc misses you.
The orc priest begins to cast a cantrip, but forgets the words!
You hit the orc.
The orc is severely wounded.
The orc closely misses you. The orc barely misses you.
The orc priest mumbles some strange prayers to Beogh against you.
Beogh smites you!
* * * LOW HITPOINT WARNING * * *
You barely miss the orc. You tail-slap the orc.
The orc is severely wounded.
The orc closely misses you. The orc barely misses you.
The orc priest looks encouraged for a moment.
You hit the orc.
You kill the orc!
The orc priest hits you with a +0 hand axe.
* * * LOW HITPOINT WARNING * * *
The orc hits you but does no damage.
Unknown command.
You hit the orc priest.
The orc priest is moderately wounded.
The orc hits you with a +0 spear.
You die...

#...[......
#....
#.###.###.#
#....
#.#.......#
##)...
#.#.#.#####
#..... #.#.#.#
# #.....
#.#.#.# #.....
#...#.#
##....o#####
#####.#####
......o@...#
#.##...
##....o###.#
#.####. #.....
##.# #.#.# #.
#.....##..#
#.#.# #.
#....##...#
#.#.####.
#...##....#
#.#......
...#..##.....#
#.####### .
..#.##......#
#.#......
.####+#.......#
#.#......


You could see an orc priest and 2 orcs.

Vanquished Creatures
  Natasha (D:2)
  5 adders (D:2)
  2 dart slugs (D:1)
  A ribbon worm (D:2)
  3 orcs (D:3)
  7 bats
  An endoplasm (D:2)
  2 giant cockroaches
  5 goblins
  3 hobgoblins
  A kobold (D:2)
  A quokka (D:3)
  2 ball pythons
  3 frilled lizards (D:1)
  9 rats
46 creatures vanquished.

Notes
Turn   | Place    | Note
-------+----------+-------------------------------------------
     0 | D:1      | Sweeb the Demonspawn Monk began the quest for the Orb.
     0 | D:1      | Reached XP level 1. HP: 18/18 MP: 1/1
   222 | D:1      | Gained mutation: Your demonic aura sometimes causes spilled
                  | blood to erupt in flames. [demonic ancestry]
   222 | D:1      | Reached XP level 2. HP: 18/24 MP: 2/2
   924 | D:2      | Found a shimmering blue altar of Sif Muna.
   970 | D:2      | Discovered your monstrous ancestry.
   970 | D:2      | Gained mutation: You have a small tail. [demonic ancestry]
   970 | D:2      | Reached XP level 3. HP: 29/29 MP: 3/3
   999 | D:2      | Found Rades's Weapon Emporium.
  1436 | D:2      | Gained mutation: You have sharp fingernails. [demonic
                  | ancestry]
  1436 | D:2      | Reached XP level 4. HP: 32/35 MP: 4/4
  1438 | D:2      | Noticed Natasha
  1443 | D:2      | Killed Natasha
  1967 | D:3      | Reached skill level 1 in Unarmed Combat
  2181 | D:3      | Found a broken altar of Ashenzari.
  2300 | D:3      | HP: 1/36 [orc priest/divine providence (13)]
  2303 | D:3      | Slain by an orc

Illustrated notes

Levels and vault maps discovered:
D:1:      dpeg_arrival_ratfight, layout_basic
D:2:      layout_basic, basic_altar, serial_shops, nicolae_shop_real_fake_doors,
          small_statue_intersection, nicolae_titane, uniq_natasha
D:3:      layout_basic, nicolae_ashenzari_panopticon

Skill      XL: |  1  2  3  4 |
---------------+-------------+-----
Long Blades    | 3 |  3.5
Dodging        | 3 |  3.8
Unarmed Combat | 1 |  1.1
Fighting       | |  3.6

Action                     |  1- 3 |  4- 6 || total
---------------------------+-------+-------++-------
  Melee: Falchion          |    66 |    31 ||    97
         Tailslap          |     2 |     9 ||    11
    Use: Scroll            |     3 |     2 ||     5
 Armour: Robe              |    26 |    19 ||    45
  Dodge: Dodged            |    45 |    30 ||    75
